TOP OF THE 1ST |
Portsmouth Coasties batting - Pitching for Battle Ground Aeros : RHP Mike Bentley
|
Pitching: RHP Mike Bentley
|
|
Batting: RHB José Villegas
|
0-0: Reached on error, E6 (Groundball, 6)
|
Batting: LHB José Rodríguez
|
0-0: Ball 1-0: Called Strike 1-1: Ball 2-1: Foul Ball, location: 2F 2-2: Ball 3-2: Strikes out looking
|
Batting: RHB José Masaferro
|
0-0: Called Strike 0-1: DOUBLE (Line Drive, 9LM) José Villegas scores
|
Batting: RHB Ángel López
|
0-0: Called Strike 0-1: Called Strike 0-2: Ball 1-2: Ball 2-2: Strikes out swinging
|
Batting: LHB Pedro Rodríguez
|
0-0: Foul Ball, location: 2F 0-1: Ball 1-1: Swinging Strike 1-2: Ball 2-2: Foul Ball, location: 2F 2-2: Ball 3-2: Foul Ball, location: 2F 3-2: Foul Ball, location: 2F 3-2: Ground out 4-3 (Groundball, 4M)
|
Top of the 1st over - 1 run(s), 1 hit(s), 1 error(s), 1 left on base; Portsmouth 1 - Battle Ground 0 |
BOTTOM OF THE 1ST |
Battle Ground Aeros batting - Pitching for Portsmouth Coasties : RHP David Davis
|
Pitching: RHP David Davis
|
|
Batting: RHB Miguel Angel González
|
0-0: Ball 1-0: Ground out 5-3 (Groundball, 56)
|
Batting: RHB Dao-zi Dai
|
0-0: Called Strike 0-1: Called Strike 0-2: Ball 1-2: Ball 2-2: Ball 3-2: Base on Balls
|
Batting: RHB Jim Unknown
|
0-0: Swinging Strike 0-1: Swinging Strike 0-2: Ball 1-2: Reached on error, E3 (Groundball, 3) Dao-zi Dai to second
|
Batting: RHB Wayne Cameron
|
0-0: Foul Ball, location: 2F 0-1: Called Strike 0-2: SINGLE (Line Drive, 5L) Dao-zi Dai to third Jim Unknown to second
|
Batting: LHB Kenny Webster
|
0-0: Called Strike 0-1: Called Strike 0-2: Ball 1-2: Ball 2-2: Fly out, F8 (Flyball, 89M) 2-2: Lined into DP, 8-5 (Flyball, 89M)
|
Bottom of the 1st over - 0 run(s), 1 hit(s), 1 error(s), 2 left on base; Portsmouth 1 - Battle Ground 0 |
TOP OF THE 2ND |
Portsmouth Coasties batting - Pitching for Battle Ground Aeros : RHP Mike Bentley
|
Batting: RHB Ángel Ruezga
|
0-0: Called Strike 0-1: Ground out 4-3 (Groundball, 4M)
|
Batting: SHB Jim Bunker
|
0-0: Called Strike 0-1: Hit by Pitch
|
Batting: RHB Dave Davis
|
0-0: Ball 1-0: Ball 2-0: SINGLE (Groundball, 56D) Jim Bunker to second
|
Batting: RHB Héctor Moreno
|
0-0: Swinging Strike 0-1: Foul Ball, location: 2F 0-2: Ball 1-2: Strikes out swinging
|
Batting: RHB José Villegas
|
0-0: Called Strike 0-1: Ball 1-1: Swinging Strike 1-2: Strikes out swinging
|
Top of the 2nd over - 0 run(s), 1 hit(s), 0 error(s), 2 left on base; Portsmouth 1 - Battle Ground 0 |
BOTTOM OF THE 2ND |
Battle Ground Aeros batting - Pitching for Portsmouth Coasties : RHP David Davis
|
Batting: SHB Shawn Sánchez
|
0-0: Ball 1-0: Bunt for hit - play at first, batter safe!
|
Batting: LHB Carlos Álvarez
|
0-0: Ball 1-0: Ball 2-0: Ball 3-0: Called Strike 3-1: Base on Balls Shawn Sánchez to second
|
Batting: RHB Jim Unknown
|
0-0: Called Strike 0-1: Called Strike 0-2: Ball 1-2: Ball 2-2: Foul Ball, location: 2F 2-2: Ball 3-2: Foul Ball, location: 2F 3-2: Fielders Choice at 2nd, 1-6 (Groundball, 15) Shawn Sánchez to third
|
Batting: RHB Jim Unknown
|
0-0: Ball 1-0: Swinging Strike 1-1: Ball 2-1: Ball 3-1: Called Strike 3-2: Strikes out swinging
|
Batting: RHB Miguel Angel González
|
0-0: Ball 1-0: Called Strike 1-1: SINGLE (Line Drive, 4M) Shawn Sánchez scores Jim Unknown to second
|
Batting: RHB Dao-zi Dai
|
0-0: Called Strike 0-1: Reached on error, E5 (Groundball, 56) Jim Unknown to third Miguel Angel González to second
|
Batting: RHB Jim Unknown
|
0-0: Fly out, F5 (Line Drive, 56S)
|
Bottom of the 2nd over - 1 run(s), 2 hit(s), 1 error(s), 3 left on base; Portsmouth 1 - Battle Ground 1 |
TOP OF THE 3RD |
Portsmouth Coasties batting - Pitching for Battle Ground Aeros : RHP Mike Bentley
|
Batting: LHB José Rodríguez
|
0-0: Called Strike 0-1: Ground out 1-3 (Groundball, 15)
|
Batting: RHB José Masaferro
|
0-0: Called Strike 0-1: Ground out 1-3 (Groundball, 15)
|
Batting: RHB Ángel López
|
0-0: Swinging Strike 0-1: Swinging Strike 0-2: Ball 1-2: Ball 2-2: Strikes out swinging
|
Top of the 3rd over - 0 run(s), 0 hit(s), 0 error(s), 0 left on base; Portsmouth 1 - Battle Ground 1 |
BOTTOM OF THE 3RD |
Battle Ground Aeros batting - Pitching for Portsmouth Coasties : RHP David Davis
|
Batting: RHB Wayne Cameron
|
0-0: Ball 1-0: Foul Ball, location: 2F 1-1: Fly out, F3 (Popup, 3L)
|
Batting: LHB Kenny Webster
|
0-0: Called Strike 0-1: Ball 1-1: Ball 2-1: Fly out, F8 (Flyball, 8RS)
|
Batting: SHB Shawn Sánchez
|
0-0: Called Strike 0-1: Called Strike 0-2: Ball 1-2: Ball 2-2: Ball 3-2: Ground out 6-3 (Groundball, 6M)
|
Bottom of the 3rd over - 0 run(s), 0 hit(s), 0 error(s), 0 left on base; Portsmouth 1 - Battle Ground 1 |
TOP OF THE 4TH |
Portsmouth Coasties batting - Pitching for Battle Ground Aeros : RHP Mike Bentley
|
Batting: LHB Pedro Rodríguez
|
0-0: Called Strike 0-1: Swinging Strike 0-2: Ball 1-2: Strikes out swinging
|
Batting: RHB Ángel Ruezga
|
0-0: Ball 1-0: Foul Ball, location: 2F 1-1: Foul Ball, location: 2F 1-2: Foul Ball, location: 2F 1-2: Strikes out looking
|
Batting: SHB Jim Bunker
|
0-0: Swinging Strike 0-1: Ball 1-1: Ball 2-1: Foul Ball, location: 2F 2-2: Ball 3-2: SINGLE (Flyball, 4MD)
|
Batting: RHB Dave Davis
|
0-0: Ball 1-0: Foul Ball, location: 2F 1-1: Ball 2-1: Ball 3-1: Base on Balls Jim Bunker to second
|
Batting: RHB Héctor Moreno
|
0-0: Ground out 4-3 (Groundball, 4MS)
|
Top of the 4th over - 0 run(s), 1 hit(s), 0 error(s), 2 left on base; Portsmouth 1 - Battle Ground 1 |
BOTTOM OF THE 4TH |
Battle Ground Aeros batting - Pitching for Portsmouth Coasties : RHP David Davis
|
Batting: LHB Carlos Álvarez
|
0-0: Ball 1-0: Ball 2-0: Ground out 6-3 (Groundball, 6M)
|
Batting: RHB Jim Unknown
|
0-0: Swinging Strike 0-1: Ball 1-1: Ball 2-1: Ball 3-1: Swinging Strike 3-2: Fly out, F8 (Flyball, 8LS)
|
Batting: RHB Jim Unknown
|
0-0: Called Strike 0-1: Swinging Strike 0-2: Foul Ball, location: 2F 0-2: Foul Ball, location: 2F 0-2: Ball 1-2: Ball 2-2: Ball 3-2: Fly out, F5 (Popup, 5F)
|
Bottom of the 4th over - 0 run(s), 0 hit(s), 0 error(s), 0 left on base; Portsmouth 1 - Battle Ground 1 |
TOP OF THE 5TH |
Portsmouth Coasties batting - Pitching for Battle Ground Aeros : RHP Mike Bentley
|
Batting: RHB José Villegas
|
0-0: Called Strike 0-1: Called Strike 0-2: Ball 1-2: Foul Ball, location: 2F 1-2: Ball 2-2: SINGLE (Line Drive, 3D)
|
Pitching: RHP Joe Lynn
|
|
Batting: LHB José Rodríguez
|
0-0: Sac Bunt - play at first, batter OUT! 1-3 José Villegas to second
|
Batting: RHB José Masaferro
|
0-0: Intentional Walk
|
Batting: RHB Ángel López
|
0-0: Ball 1-0: Fly out, F7 (Line Drive, 7M)
|
Batting: LHB Pedro Rodríguez
|
0-0: Ball 1-0: Swinging Strike 1-1: Swinging Strike 1-2: Ball 2-2: Ground out U3 (Groundball, 3L)
|
Top of the 5th over - 0 run(s), 1 hit(s), 0 error(s), 2 left on base; Portsmouth 1 - Battle Ground 1 |
BOTTOM OF THE 5TH |
Battle Ground Aeros batting - Pitching for Portsmouth Coasties : RHP David Davis
|
Batting: RHB Miguel Angel González
|
0-0: Ground out 5-3 (Groundball, 5L)
|
Batting: RHB Dao-zi Dai
|
0-0: Ball 1-0: Fly out, F8 (Flyball, 8LM)
|
Batting: RHB Jim Unknown
|
0-0: Ball 1-0: Called Strike 1-1: Called Strike 1-2: Foul Ball, location: 2F 1-2: Foul Ball, location: 2F 1-2: Ball 2-2: Foul Ball, location: 2F 2-2: Strikes out swinging
|
Bottom of the 5th over - 0 run(s), 0 hit(s), 0 error(s), 0 left on base; Portsmouth 1 - Battle Ground 1 |
TOP OF THE 6TH |
Portsmouth Coasties batting - Pitching for Battle Ground Aeros : RHP Joe Lynn
|
Batting: RHB Ángel Ruezga
|
0-0: Ball 1-0: Ball 2-0: Swinging Strike 2-1: SINGLE (Groundball, 34D)
|
Batting: SHB Jim Bunker
|
0-0: Sac Bunt - play at first, batter OUT! 1-4 Ángel Ruezga to second
|
Batting: RHB Dave Davis
|
0-0: Ball 1-0: Swinging Strike 1-1: Ball 2-1: Swinging Strike 2-2: Foul Ball, location: 2F 2-2: Foul Ball, location: 2F 2-2: Strikes out looking
|
Batting: RHB Héctor Moreno
|
0-0: Called Strike 0-1: Called Strike 0-2: Ball 1-2: Fly out, F7 (Flyball, 8LS)
|
Top of the 6th over - 0 run(s), 1 hit(s), 0 error(s), 1 left on base; Portsmouth 1 - Battle Ground 1 |
BOTTOM OF THE 6TH |
Battle Ground Aeros batting - Pitching for Portsmouth Coasties : RHP David Davis
|
Batting: RHB Wayne Cameron
|
0-0: Foul Ball, location: 2F 0-1: Ball 1-1: Ball 2-1: Foul Ball, location: 2F 2-2: Ground out 6-3 (Groundball, 6)
|
Batting: LHB Kenny Webster
|
0-0: Ball 1-0: DOUBLE (Line Drive, 7LD)
|
Batting: SHB Shawn Sánchez
|
0-0: Ball 1-0: Ball 2-0: Ball 3-0: Base on Balls
|
Batting: LHB Carlos Álvarez
|
0-0: Ball 1-0: Swinging Strike 1-1: Foul Ball, location: 2F 1-2: SINGLE (Groundball, 34D) Kenny Webster to third Shawn Sánchez to second Runner from 3rd tries for Home, SAFE, throw made home
|
Batting: RHB Jim Unknown
|
0-0: Grounds into double play, 6-4-3 (Groundball, 6)
|
Bottom of the 6th over - 1 run(s), 2 hit(s), 0 error(s), 1 left on base; Portsmouth 1 - Battle Ground 2 |
TOP OF THE 7TH |
Portsmouth Coasties batting - Pitching for Battle Ground Aeros : RHP Joe Lynn
|
Pitching: RHP Pat McCormick
|
|
Batting: RHB José Villegas
|
0-0: Ground out 5-3 (Groundball, 5)
|
Pitching: LHP Jeffery Howell
|
|
Batting: LHB José Rodríguez
|
0-0: Ball 1-0: Called Strike 1-1: Foul Ball, location: 2F 1-2: Ball 2-2: Ball 3-2: Strikes out swinging
|
Pitching: RHP Sherwood Lang
|
|
Batting: RHB José Masaferro
|
0-0: Ball 1-0: Fly out, F4 (Popup, 4)
|
Top of the 7th over - 0 run(s), 0 hit(s), 0 error(s), 0 left on base; Portsmouth 1 - Battle Ground 2 |
BOTTOM OF THE 7TH |
Battle Ground Aeros batting - Pitching for Portsmouth Coasties : RHP David Davis
|
Batting: RHB Jim Unknown
|
0-0: Fly out, F7 (Flyball, 7S)
|
Batting: RHB Miguel Angel González
|
0-0: Ball 1-0: Called Strike 1-1: Ball 2-1: SINGLE (Groundball, 34)
|
Pitching: RHP Alfredo Martínez
|
|
Batting: RHB Dao-zi Dai
|
0-0: Called Strike 0-1: Ball 1-1: Ball 2-1: Ball 3-1: Fly out, F6 (Line Drive, 6)
|
Batting: RHB Jim Unknown
|
0-0: Ball Miguel Angel González steals 2nd base 1-0: Foul Ball, location: 2F 1-1: Ball 2-1: Ball 3-1: 2-RUN HOME RUN (Flyball, 7LD), Distance : 350 ft
|
Batting: RHB Wayne Cameron
|
0-0: Ball 1-0: SINGLE (Groundball, 6D)
|
Batting: LHB Kenny Webster
|
0-0: Ball 1-0: Ball 2-0: Called Strike 2-1: Ball 3-1: Foul Ball, location: 2F 3-2: Foul Ball, location: 2F 3-2: Strikes out looking
|
Bottom of the 7th over - 2 run(s), 3 hit(s), 0 error(s), 1 left on base; Portsmouth 1 - Battle Ground 4 |
TOP OF THE 8TH |
Portsmouth Coasties batting - Pitching for Battle Ground Aeros : RHP Sherwood Lang
|
Batting: RHB Ángel López
|
0-0: Called Strike 0-1: Ball 1-1: Ball 2-1: Ball 3-1: Base on Balls
|
Pitching: LHP José Hernández
|
|
Batting: LHB Pedro Rodríguez
|
0-0: Ball 1-0: Swinging Strike 1-1: Ball 2-1: Foul Ball, location: 2F 2-2: Foul Ball, location: 2F 2-2: Ball Wild Pitch! Ángel López to second 3-2: Foul Ball, location: 2F 3-2: Base on Balls
|
Pitching: RHP Job Poppe
|
|
Batting: RHB Ángel Ruezga
|
0-0: Ball 1-0: Foul Ball, location: 2F 1-1: Ball 2-1: Ball 3-1: Grounds into double play, 5-4-3 (Groundball, 5) Ángel López to third
|
Pitching: LHP Doug Evans
|
|
Batting: SHB Jim Bunker
|
0-0: Ball 1-0: Ball 2-0: SINGLE (Groundball, 56D) Ángel López scores
|
Batting: RHB Dave Davis
|
0-0: Ball 1-0: Ground out 4-3 (Groundball, 4)
|
Top of the 8th over - 1 run(s), 1 hit(s), 0 error(s), 1 left on base; Portsmouth 2 - Battle Ground 4 |
BOTTOM OF THE 8TH |
Battle Ground Aeros batting - Pitching for Portsmouth Coasties : RHP Alfredo Martínez
|
Batting: SHB Shawn Sánchez
|
0-0: Ball 1-0: Ball 2-0: Ball 3-0: Base on Balls
|
Pitching: LHP Ramón González
|
|
Batting: LHB Carlos Álvarez
|
0-0: Ball 1-0: Sac Bunt - play at first, batter OUT! 2-4 Shawn Sánchez to second
|
Pitching: RHP Allen Carlson
|
|
Batting: RHB Jim Unknown
|
0-0: Ball 1-0: Ground out 1-3 (Groundball, 15)
|
Batting: RHB Jim Unknown
|
0-0: Called Strike 0-1: 2-RUN HOME RUN (Flyball, 7D), Distance : 361 ft
|
Batting: RHB Miguel Angel González
|
0-0: Called Strike 0-1: Ball 1-1: Ball 2-1: Swinging Strike 2-2: Ground out 1-3 (Groundball, 23)
|
Bottom of the 8th over - 2 run(s), 1 hit(s), 0 error(s), 0 left on base; Portsmouth 2 - Battle Ground 6 |
TOP OF THE 9TH |
Portsmouth Coasties batting - Pitching for Battle Ground Aeros : LHP Doug Evans
|
Batting: RHB Héctor Moreno
|
0-0: Ball 1-0: Called Strike 1-1: Ball 2-1: Ground out 6-3 (Groundball, 6S)
|
Batting: RHB José Villegas
|
0-0: Ball 1-0: Foul Ball, location: 2F 1-1: Ball 2-1: Called Strike 2-2: Foul Ball, location: 2F 2-2: Foul Ball, location: 2F 2-2: Fly out, F8 (Flyball, 8LM)
|
Batting: LHB José Rodríguez
|
0-0: Foul Ball, location: 2F 0-1: SINGLE (Line Drive, 6MD)
|
Batting: RHB José Masaferro
|
0-0: Ball 1-0: Called Strike 1-1: Called Strike 1-2: Strikes out looking
|
Top of the 9th over - 0 run(s), 1 hit(s), 0 error(s), 1 left on base; Portsmouth 2 - Battle Ground 6 |
|